 Dungeon Sprint DCSS version 0.29.1-12-g30fa7ad0bf (webtiles) character file.

Game seed: 15637873346828785323

7214 xzight the Severer (level 10, -1/105 HPs)
             Began as a Minotaur Berserker on Dec 26, 2022.
             Was the Champion of Trog.
             Slain by a demonic crawler (12 damage)
             ... in the Dungeon (Sprint I: "Red Sonja").
             The game lasted 00:05:53 (1356 turns).

xzight the Severer (Minotaur Berserker)             Turns: 1356, Time: 00:05:54

Health: -1/105     AC:  5    Str: 27    XL:     10   Next: 87%
Magic:  2/2        EV: 16    Int:  0    God:    Trog [******]
Gold:   698        SH:  5    Dex:  9    Spells: 9/9 levels left

rFire   . . .      SeeInvis .   q - +3 executioner's axe (antimagic)
rCold   . . .      Faith    .   (shield currently unavailable)
rNeg    . . .      Spirit   .   b - +0 animal skin
rPois   .          Reflect  +   (helmet restricted)
rElec   .          Harm     .   (no cloak)
rCorr   .          Rampage  .   p - +0 pair of gloves
Will    .....      Rage     3%  (no boots)
Stlth   +......... NoTele   +   o - amulet of reflection
HPRegen 0.27/turn               (no ring)
MPRegen 0.08/turn               (no ring)

@: on berserk cooldown, slowed, lost intelligence, unable to read, very slow
A: horns 2, retaliatory headbutt, berserk 1, deterioration 1, dopey 2, low MP 1,
mutation resistance 1
a: Renounce Religion, Berserk, Trog's Hand, Brothers in Arms


You were in the Dungeon.
You worshipped Trog.
Trog was exalted by your worship.
You visited 1 branch You collected 828 gold pieces.
You spent 130 gold pieces at shops.


Innate Abilities, Weirdness & Mutations

You have a pair of horns on your head.
You reflexively headbutt those who attack you in melee.
You sometimes lose your temper in combat.
Your body sometimes deteriorates upon taking damage.
You are very dopey. (Int -4)
Your magical capacity is low. (-10% MP)
You are somewhat resistant to further mutation.


   Skills:
 + Level 15.3 Fighting
 * Level 18.1 Axes
 + Level 15.2 Armour
 + Level 13.9 Dodging


You had 9 spell levels left.
You didn't know any spells.
Your spell library was empty.

Inventory:

Hand Weapons
 a - a +0 hand axe
 q - a +3 antimagic executioner's axe (weapon)
Armour
 b - a +0 animal skin (worn)
 p - a +0 pair of gloves (worn)
Jewellery
 k - an amulet of regeneration
 o - an amulet of reflection (around neck)
Wands
 i - a wand of iceblast (4)
 l - a wand of paralysis (8)
Scrolls
 h - a scroll of blinking
 m - a scroll of vulnerability {unknown}
 n - a scroll of identify {unknown}
Potions
 c - 3 potions of curing {@q1}
 d - 3 potions of heal wounds {@q2}
 e - a potion of haste {@q3}
 f - 4 potions of magic
 g - a potion of berserk rage {!q}
 j - a potion of flight {unknown}

Dungeon Overview and Level Annotations

Branches:
Dungeon (1/1)

Altars:
Cheibriados
Dithmenos
Elyvilon
Fedhas
Gozag
Hepliaklqana
Kikubaaqudgha
Makhleb
Nemelex Xobeh
Okawaru
Qazlal
Ru
Sif Muna
Trog
Uskayaw
Vehumet
Wu Jian
Xom
Yredelemnul
Zin
The Shining One
Jiyva
Lugonu

Shops:
D

*[[*?![
▒▒▒▒▒▒▒▒▒▒▒▒▒▒▒▒▒▒
.#..'..#⚑⚑#..')..#
.').#..'..'..#).s##+#
'#####'#⚑⚑▒▒▒▒..@s..#
.▒...▒)▒▒▒▒§§▒▒▒▒#9.+
#▒..▒▒)▒§§§§.▒ ▒▒
⚑▒▒'▒⚑.§§§§§.+
..'...⚑▒§~§§.▒
⚑▒▒⚑.#'##'###▒
⚑▒▒#'#.#..(.###
▒▒▒#.####§###(##
..'...'...).'.∩#


You could see 2 demonic crawlers and a gargoyle.


Message History

The demonic crawler hits you!
* * * LOW HITPOINT WARNING * * *
Your body deteriorates!
You feel weakened. The demonic crawler closely misses you.
You furiously retaliate!
You headbutt the demonic crawler, but do no damage.
The demonic crawler hits you.
* * * LOW HITPOINT WARNING * * *
You block the demonic crawler's attack. The demonic crawler closely misses you.
The demonic crawler misses you. The demonic crawler hits you!
* * * LOW HITPOINT WARNING * * *
You slice the demonic crawler!!
You kill the demonic crawler!
Trog accepts your kill.
You completely miss the demonic crawler.
You block the demonic crawler's attack. The demonic crawler barely misses you.
The demonic crawler hits you!
* * * LOW HITPOINT WARNING * * *
The demonic crawler misses you. You furiously retaliate!
You headbutt the demonic crawler!
The demonic crawler completely misses you.
The demonic crawler misses you. The demonic crawler hits you.
* * * LOW HITPOINT WARNING * * *
You block the demonic crawler's attack. The demonic crawler hits you.
* * * LOW HITPOINT WARNING * * *
You feel your strength returning.
You carve the demonic crawler like a ham!!!
You kill the demonic crawler!
Trog accepts your kill.
You slash the demonic crawler! The demonic crawler hits you!
You die...

Skill      XL: |  1  2  3  4  5  6  7  8  9 10 |
---------------+-------------------------------+-----
Fighting       | 4 6 7 9 10 11 13 15 | 15.3
Axes           | 5 7 10 13 14 15 17 18 | 18.1
Armour         | 3 5 7 9 10 11 12 15 | 15.2
Dodging        | 3 4 6 8 9 10 11 13 | 13.9

Action                   |  1- 3 |  4- 6 |  7- 9 | 10-12 || total
-------------------------+-------+-------+-------+-------++-------
Melee: Hand axe          |    13 |    14 |    35 |    52 ||   114
       Headbutt          |     1 |     4 |     7 |    23 ||    35
       Punch             |       |       |     2 |     2 ||     4
       Executioner's axe |       |       |       |     6 ||     6
Invok: Berserk           |     2 |     2 |     3 |       ||     7
       Trog's Hand       |       |       |     1 |       ||     1
  Use: Potion            |       |       |       |     1 ||     1
Armor: Animal skin       |       |     4 |     3 |     7 ||    14
Dodge: Dodged            |     4 |    14 |    10 |    42 ||    70
Block: Other             |       |       |     2 |    11 ||    13

Levels and vault maps discovered:
D:        dungeon_sprint_1 [red_sonja_temple_1, red_sonja_temple_small_1]

Notes
Turn   | Place    | Note
-------+----------+-------------------------------------------
     0 | D        | xzight the Minotaur Berserker began the quest for the Orb.
     0 | D        | Reached XP level 1. HP: 19/19 MP: 0/0
     1 | D        | Noticed Ijyb
    12 | D        | Killed Ijyb
    13 | D        | Reached skill level 4 in Fighting
    13 | D        | Reached skill level 5 in Axes
    13 | D        | Reached skill level 3 in Armour
    13 | D        | Reached skill level 3 in Dodging
    13 | D        | Reached XP level 2. HP: 28/28 MP: 1/1
    75 | D        | Noticed an ogre
    80 | D        | Killed an ogre
    81 | D        | Reached skill level 6 in Fighting
    81 | D        | Reached skill level 7 in Axes
    81 | D        | Reached skill level 5 in Armour
    81 | D        | Reached skill level 4 in Dodging
    81 | D        | Reached XP level 3. HP: 37/37 MP: 2/2
    81 | D        | Reached XP level 4. HP: 44/44 MP: 3/3
   142 | D        | Noticed Sigmund
   146 | D        | Killed Sigmund
   146 | D        | Reached ** piety under Trog
   147 | D        | Reached skill level 7 in Fighting
   147 | D        | Reached skill level 10 in Axes
   147 | D        | Reached skill level 7 in Armour
   147 | D        | Reached skill level 6 in Dodging
   147 | D        | Reached XP level 5. HP: 52/52 MP: 4/4
   147 | D        | Reached XP level 6. HP: 60/60 MP: 5/5
   164 | D        | Found an ornate altar of the Wu Jian Council.
   164 | D        | Found a shimmering blue altar of Sif Muna.
   166 | D        | Found a radiant altar of Vehumet.
   212 | D        | Noticed a centaur warrior
   215 | D        | Noticed a centaur warrior
   227 | D        | Killed a centaur warrior
   228 | D        | Reached skill level 9 in Fighting
   228 | D        | Reached skill level 13 in Axes
   228 | D        | Reached skill level 9 in Armour
   228 | D        | Reached skill level 8 in Dodging
   228 | D        | Reached XP level 7. HP: 61/71 MP: 6/6
   234 | D        | Killed a centaur warrior
   235 | D        | Reached skill level 10 in Fighting
   235 | D        | Reached skill level 14 in Axes
   235 | D        | Reached skill level 10 in Armour
   235 | D        | Reached skill level 9 in Dodging
   235 | D        | Reached XP level 8. HP: 44/81 MP: 7/7
   469 | D        | Noticed a deep troll
   479 | D        | Killed a deep troll
   480 | D        | Reached skill level 11 in Fighting
   480 | D        | Reached skill level 15 in Axes
   480 | D        | Reached skill level 11 in Armour
   480 | D        | Reached skill level 10 in Dodging
   480 | D        | Reached XP level 9. HP: 32/89 MP: 8/8
   767 | D        | Found Fetroipu's Armour Emporium.
   784 | D        | Noticed Sonja
   797 | D        | Killed Sonja
   797 | D        | Reached *** piety under Trog
   798 | D        | Reached skill level 12 in Fighting
   798 | D        | Reached skill level 16 in Axes
  1063 | D        | Found Zuterell's General Store.
  1073 | D        | Noticed a shining eye
  1073 | D        | Noticed a shining eye
  1073 | D        | Noticed a shining eye
  1073 | D        | Noticed a shining eye
  1073 | D        | Noticed a shining eye
  1073 | D        | Noticed a shining eye
  1080 | D        | Reached skill level 12 in Armour
  1080 | D        | Reached skill level 11 in Dodging
  1080 | D        | Gained mutation: You are dopey. (Int -2) [a shining eye]
  1083 | D        | Killed a shining eye
  1085 | D        | Killed a shining eye
  1085 | D        | Reached **** piety under Trog
  1086 | D        | Reached skill level 17 in Axes
  1086 | D        | Gained mutation: Your body sometimes deteriorates upon
                  | taking damage. [a shining eye]
  1091 | D        | Killed a shining eye
  1092 | D        | Reached skill level 13 in Fighting
  1092 | D        | Reached XP level 10. HP: 101/101 MP: 9/9
  1094 | D        | Killed a shining eye
  1095 | D        | Reached skill level 18 in Axes
  1095 | D        | Reached skill level 13 in Armour
  1095 | D        | Reached skill level 12 in Dodging
  1095 | D        | Gained mutation: You occasionally lose the ability to read
                  | scrolls when taking damage. [a shining eye]
  1099 | D        | Killed a shining eye
  1099 | D        | Reached ***** piety under Trog
  1100 | D        | Gained mutation: You are clumsy. (Dex -2) [a shining eye]
  1103 | D        | Killed a shining eye
  1104 | D        | Reached skill level 14 in Fighting
  1107 | D        | Noticed a shining eye
  1107 | D        | Noticed a shining eye
  1107 | D        | Gained mutation: Your body often deteriorates upon taking
                  | damage. [a shining eye]
  1109 | D        | Paralysed by a floating eye for 4 turns
  1115 | D        | Reached skill level 14 in Armour
  1119 | D        | Lost mutation: You are clumsy. (Dex -2) [a shining eye]
  1120 | D        | Gained mutation: You are frail. (-10% HP) [a shining eye]
  1121 | D        | Lost intelligence.
  1121 | D        | Gained mutation: You are very dopey. (Int -4) [a shining
                  | eye]
  1124 | D        | Killed a shining eye
  1124 | D        | Gained mutation: You sometimes lose your temper in combat.
                  | [a shining eye]
  1125 | D        | Reached skill level 13 in Dodging
  1127 | D        | Killed a shining eye
  1139 | D        | Lost mutation: Your body often deteriorates upon taking
                  | damage. [potion of mutation]
  1139 | D        | Lost mutation: You are frail. (-10% HP) [potion of
                  | mutation]
  1139 | D        | Lost mutation: You occasionally lose the ability to read
                  | scrolls when taking damage. [potion of mutation]
  1139 | D        | Gained mutation: Your magical capacity is low. (-10% MP)
                  | [potion of mutation]
  1139 | D        | Gained mutation: You are somewhat resistant to further
                  | mutation. [potion of mutation]
  1170 | D        | Found Ynos's Magic Scroll Shop.
  1170 | D        | Found Uxkenoj's Antique Armour Shoppe.
  1170 | D        | Found Racaxz Riul's Distillery.
  1170 | D        | Found Aschaute's Armour Emporium.
  1176 | D        | Bought 2 potions of heal wounds for 130 gold pieces
  1205 | D        | Found Ezait's Assorted Antiques.
  1205 | D        | Found an ancient bone altar of Kikubaaqudgha.
  1205 | D        | Found a stormy altar of Qazlal.
  1205 | D        | Found a blossoming altar of Fedhas.
  1205 | D        | Found a bloodstained altar of Trog.
  1205 | D        | Found an iron altar of Okawaru.
  1205 | D        | Found a glowing golden altar of the Shining One.
  1205 | D        | Found a glowing silver altar of Zin.
  1205 | D        | Found a white marble altar of Elyvilon.
  1257 | D        | Found a hazy altar of Hepliaklqana.
  1257 | D        | Found a hide-covered altar of Uskayaw.
  1257 | D        | Found a basalt altar of Yredelemnul.
  1257 | D        | Found a snail-covered altar of Cheibriados.
  1257 | D        | Found a sacrificial altar of Ru.
  1257 | D        | Found a shadowy altar of Dithmenos.
  1258 | D        | Found an opulent altar of Gozag.
  1259 | D        | Found a sparkling altar of Nemelex Xobeh.
  1295 | D        | Found a burning altar of Makhleb.
  1295 | D        | Found a viscous altar of Jiyva.
  1295 | D        | Found a shimmering altar of Xom.
  1295 | D        | Found a corrupted altar of Lugonu.
  1335 | D        | Reached skill level 15 in Fighting
  1340 | D        | Received a gift from Trog
  1341 | D        | Reached skill level 15 in Armour
  1353 | D        | Noticed a gargoyle
  1355 | D        | Reached ****** piety under Trog
  1356 | D        | Slain by a demonic crawler

Vanquished Creatures
  2 centaur warriors (D)
  Sonja (D)
  A deep troll (D)
  8 shining eyes (D)
  2 kobold demonologists (D)
  2 demonic crawlers (D)
  A slime creature (D)
  Sigmund (D)
  A yak (D)
  5 floating eyes (D)
  An ogre (D)
  A jelly (D)
  Ijyb (D)
27 creatures vanquished.

Vanquished Creatures (others)
  2 ballistomycete spores (D)
2 creatures vanquished.

Grand Total: 29 creatures vanquished

Table legend: (Time is in decaauts)
 A = Elapsed time spent in this place.
 B = Non-inter-level travel time spent in this place.
 C = Inter-level travel time spent in this place.
 D = Time resting spent in this place.
 E = Time spent auto-exploring this place.
 F = Levels seen in this place.
 G = Mean time per level.
                   A        B        C        D        E       F      G
               +--------+--------+--------+--------+--------+-----+--------+
         Total |   1488 |   1488 |      0 |    841 |    382 |   1 | 1488.0 |
       Dungeon |   1488 |   1488 |      0 |    841 |    382 |   1 | 1488.0 |
               +--------+--------+--------+--------+--------+-----+--------+

Top non-repeatable levels by time:
       D: 1488 daAuts

Table legend:
 A = Non-vault XP
 B = Vault XP
 C = Vault XP percentage of total XP
 D = Non-vault monster count
 E = Vault monster count
 F = Vault count percentage of total count
                 A         B        C        D         E       F
            +---------+---------+-------+---------+---------+-------
      Total |       0 |   10634 | 100.0 |       0 |      27 | 100.0
            +---------+---------+-------+---------+---------+-------
          D |       0 |   10634 | 100.0 |       0 |      27 | 100.0
            +---------+---------+-------+---------+---------+-------
